 Dungeon Crawl Stone Soup version 0.26-a0-606-g3c8f2f65f7 (webtiles) character file.

Game seed: 17187344394547589163

7992 MrRokkomies the Destroyer (level 11, -1/66 HPs)
             Began as a Tengu Conjurer on Sept 2, 2020.
             Was a Believer of Kikubaaqudgha.
             Shot with an arrow by Nessos (4 damage)
             ... on level 12 of the Dungeon.
             The game lasted 00:21:31 (9367 turns).

MrRokkomies the Destroyer (Tengu Conjurer)          Turns: 9367, Time: 00:21:32

Health: -1/66      AC:  9    Str:  7    XL:     11   Next: 23%
Magic:  27/28      EV: 21    Int: 26    God:    Kikubaaqudgha [**....]
Gold:   568        SH:  0    Dex: 13    Spells: 2/20 levels left

rFire    . . .     SeeInvis .   a - +3 scimitar (freeze)
rCold    . . .     Faith    .   (no shield)
rNeg     . . .     Spirit   .   A - +0 robe of the Cricket {-Tele rPois Int+4} (curse)
rPois    +         Reflect  .   (helmet restricted)
rElec    .         Harm     .   g - +1 cloak
rCorr    .         NoTele   +   e - +0 pair of gloves
MR       .....                  (boots unavailable)
Stlth    ++........             x - amulet of magic regeneration
HPRegen  0.21/turn              l - +4 ring of protection
MPRegen  0.46/turn              y - ring of magical power

@: lethally poisoned (-1 -> -27), flying quickly and evasively, quick
A: beak, talons 3, able to fly
a: Stop Flying, Receive Corpses, Renounce Religion


You were on level 12 of the Dungeon.
You worshipped Kikubaaqudgha.
Kikubaaqudgha was pleased with you.
You visited 2 branches of the dungeon, and saw 11 of its levels.

You collected 638 gold pieces.
You spent 70 gold pieces at shops.

Inventory:

Hand Weapons
 a - a +3 scimitar of freezing (weapon)
 c - a +1 dagger of venom
 F - a +0 scimitar of flaming
Missiles
 i - 8 poisoned darts (quivered)
Armour
 e - a +0 pair of gloves (worn)
 f - a +0 leather armour of fire resistance
 g - a +1 cloak (worn)
 t - the +0 leather armour of Zezo {rElec Str+3}
   (You found it on level 4 of the Dungeon)

   It affects your strength (+3).
   It insulates you from electricity.
 z - a +2 leather armour of poison resistance
 A - the cursed +0 robe of the Cricket (worn) {-Tele rPois Int+4}
   (You found it on level 12 of the Dungeon)

   It affects your intelligence (+4).
   It protects you from poison.
   It prevents most forms of teleportation.
   It has a curse placed upon it.
Jewellery
 l - a +4 ring of protection (left hand)
 x - an amulet of magic regeneration (around neck)
 y - a ring of magical power (right hand)
Wands
 d - a wand of paralysis (6)
 o - a wand of flame (13)
 w - a wand of polymorph (15)
 G - a wand of iceblast (20)
Scrolls
 h - a scroll of enchant weapon
 p - 2 scrolls of immolation
 s - 2 scrolls of enchant armour
 v - 7 scrolls of teleportation
 C - a scroll of blinking
 E - a scroll of magic mapping
Potions
 b - a potion of haste
 k - 2 potions of lignification
 m - a potion of brilliance
 n - a potion of invisibility
 q - 5 potions of stabbing
 r - a potion of berserk rage {unknown}
 u - a potion of mutation {unknown}
 D - 4 potions of curing


   Skills:
 + Level 6.7 Fighting
 - Level 10.0 Dodging
 - Level 2.0 Stealth
 - Level 5.0 Spellcasting
 - Level 12.0 Conjurations
 * Level 5.9 Necromancy
 * Level 6.2 Poison Magic


You had 2 spell levels left.
You knew the following spells:

 Your Spells              Type           Power        Failure   Level
a - Magic Dart            Conj           ####         1%          1
b - Searing Ray           Conj           ######       1%          2
c - Dazzling Flash        Conj/Hex       #####.       1%          3
d - Iskenderun's Mystic   Conj/Tloc      #####...     6%          4
e - Olgreb's Toxic Radia  Pois           #####...     6%          4
f - Animate Dead          Necr           #####.....   7%          4

Your spell library contained the following spells:

 Spells                   Type           Power        Failure   Level
 Animate Skeleton         Necr           #####.       1%          1
 Pain                     Necr           ####         1%          1
 Sublimation of Blood     Necr           #####.....   1%          2
 Sting                    Tmut/Pois      ###.         2%          1
 Poisonous Vapours        Pois/Air       ###...       3%          2
 Corona                   Hex            #......      8%          1
 Ensorcelled Hibernation  Hex/Ice        #.....       12%         2
 Mephitic Cloud           Conj/Pois/Air  #####...     1%          3
 Vampiric Draining        Necr           #####.....   1%          3
 Fulminant Prism          Conj/Hex       #####.....   6%          4
 Ignite Poison            Fire/Tmut/Pois ###.....     10%         3
 Agony                    Necr           #####...     19%         5
 Confusing Touch          Hex            #.......     22%         3
 Tukima's Dance           Hex            #.......     22%         3


Dungeon Overview and Level Annotations

Branches:
Dungeon (12/15)            Temple (1/1) D:4             Orc (0/2) D:12
   Lair: D:8-11

Altars:
Ashenzari
Cheibriados
Dithmenos
Elyvilon
Fedhas
Gozag
Hepliaklqana
Kikubaaqudgha
Makhleb
Nemelex Xobeh
Okawaru
Qazlal
Ru
Trog
Uskayaw
Vehumet
Wu Jian
Xom
Zin
The Shining One

Shops:
D:10 [   D:11 !   D:12 (

Annotations:
D:3 2 transporters, DarkMoon's ghost, amateur PaWz
D:12 Nessos


Innate Abilities, Weirdness & Mutations

You have a beak for a mouth.
You have claws for feet.
You can fly continuously.


Message History

The arrow burns you.
You are poisoned.
Unknown command.
Casting: Magic Dart (safe; 1% risk of failure)
Confirm with . or Enter, or press ? or * to list all spells.
Aiming: Magic Dart (safe; 1% risk of failure)
Press: ? - help, Shift-Dir - straight line, f/p - Nessos
Aim: Nessos, wielding a +1 longbow of flaming, wearing a +0 ring mail and quivering 18 arrows (almost dead, fast)
The magic dart hits Nessos.
Nessos is almost dead.
You feel sick.
Nessos shoots an arrow.
The arrow hits you!! The arrow burns you!
* * * LOW HITPOINT WARNING * * *
Nessos says, "I'll learn you. I'll learn you yet!"
Nessos shoots an arrow.
The arrow hits you!
* * * LOW HITPOINT WARNING * * *
The arrow burns you.
You are more poisoned.
You die...
Kikubaaqudgha rasps: "You have failed me!
Welcome... death!"

..........# ........c#
........# .......
..... ... ##'# #.@#
#####(######
#####..........#
#######.†.'..........#
....#...###..........#
....'.### #..........#
....### #..........#
....# #..........#
....## #..........#


You could see Nessos (fast).

Vanquished Creatures
  A hydra (D:11)
  Erica (D:10)
  Nergalle (D:11)
  2 centaur skeletons (D:10)
  A freezing wraith (D:12)
  2 hippogriffs
  Sigmund (D:3)
  9 yaks (D:11)
  2 orc warriors (D:12)
  4 black bears
  An ice beast (D:5)
  3 sky beasts
  2 phantoms
  5 ogres
  3 centaurs (D:11)
  A big kobold (D:11)
  2 bullfrogs (D:6)
  A wyvern skeleton (D:11)
  A scorpion (D:11)
  13 wights
  A howler monkey (D:7)
  5 hounds
  2 orc priests
  2 centaur zombies
  5 orc wizards
  An iguana (D:5)
  8 worker ants
  A hound skeleton (D:4)
  2 howler monkey zombies
  5 adders
  3 gnolls (D:3)
  An ufetubus (D:5)
  An adder zombie (D:10)
  An adder skeleton (D:4)
  A worm (D:2)
  2 dart slugs
  5 leopard geckos
  26 orcs
  8 bats
  6 giant cockroaches
  2 hobgoblins (D:2)
  14 jackals
  2 quokkas
  A ball python (D:4)
  A frilled lizard (D:2)
  4 goblins
  9 kobolds
  A quokka skeleton (D:4)
  3 rats
179 creatures vanquished.

Vanquished Creatures (others)
  5 toadstools (D:1)
5 creatures vanquished.

Grand Total: 184 creatures vanquished

Notes
Turn   | Place    | Note
-------+----------+-------------------------------------------
     0 | D:1      | MrRokkomies the Tengu Conjurer began the quest for the Orb.
     0 | D:1      | Reached XP level 1. HP: 10/10 MP: 4/4
   293 | D:1      | Reached XP level 2. HP: 15/15 MP: 3/6
   941 | D:1      | Learned a level 2 spell: Searing Ray
  1226 | D:2      | Reached XP level 3. HP: 16/20 MP: 7/7
  1770 | D:2      | Reached skill level 1 in Fighting
  1771 | D:2      | Reached skill level 6 in Conjurations
  2197 | D:3      | Found an ancient bone altar of Kikubaaqudgha.
  2197 | D:3      | Noticed Sigmund
  2205 | D:3      | HP: 1/20 [fell downstairs (1)]
  2623 | D:3      | Reached XP level 4. HP: 23/25 MP: 8/8
  2713 | D:3      | Killed Sigmund
  2713 | D:3      | Gained mutation: You can fly continuously. [Tengu growth]
  2713 | D:3      | Reached XP level 5. HP: 25/30 MP: 1/10
  2713 | D:3      | Reached XP level 6. HP: 29/35 MP: 1/11
  2968 | D:3      | Noticed DarkMoon's ghost (amateur PaWz)
  2973 | D:3      | Found a transporter.
  2973 | D:3      | Found a transporter.
  3282 | D:3      | Reached skill level 7 in Conjurations
  4053 | D:4      | Got a masterwork leather armour
  4076 | D:4      | Identified the cursed +0 leather armour of Zezo {rElec
                  | Str+3} (You found it on level 4 of the Dungeon)
  4293 | D:4      | Noticed a phantom
  4309 | D:4      | Killed a phantom
  4309 | D:4      | Reached skill level 5 in Dodging
  4309 | D:4      | Reached XP level 7. HP: 40/40 MP: 4/12
  4521 | D:4      | Learned a level 3 spell: Dazzling Flash
  4526 | D:4      | Learned a level 4 spell: Iskenderun's Mystic Blast
  4550 | D:4      | Found a staircase to the Ecumenical Temple.
  4560 | Temple   | Entered the Ecumenical Temple
  4758 | D:3      | Became a worshipper of Kikubaaqudgha
  4884 | D:4      | Reached skill level 8 in Conjurations
  5127 | D:5      | Entered Level 5 of the Dungeon
  5326 | D:5      | Found a glowing golden altar of the Shining One.
  5329 | D:5      | Noticed a hippogriff
  5346 | D:5      | Killed a hippogriff
  5346 | D:5      | Reached XP level 8. HP: 37/46 MP: 12/14
  5569 | D:5      | Found a sparkling altar of Nemelex Xobeh.
  5575 | D:5      | Found a shimmering altar of Xom.
  5580 | D:5      | Found a glowing silver altar of Zin.
  6113 | D:6      | Reached skill level 9 in Conjurations
  6973 | D:7      | Reached XP level 9. HP: 46/52 MP: 16/16
  6974 | D:7      | Reached skill level 10 in Conjurations
  6974 | D:7      | Reached * piety under Kikubaaqudgha
  6974 | D:7      | Identified Kikubaaqudgha's Disquisition on Evil
                  | (Kikubaaqudgha gifted it to you on level 7 of the Dungeon)
  6974 | D:7      | Received a gift from Kikubaaqudgha
  7241 | D:7      | You are sucked into a shaft and drop 3 floors!
  7241 | D:10     | Entered Level 10 of the Dungeon
  7254 | D:10     | Found Pizohy's Armour Shoppe.
  7428 | D:10     | Reached skill level 5 in Fighting
  7428 | D:10     | Reached skill level 5 in Spellcasting
  7428 | D:10     | Reached skill level 11 in Conjurations
  7434 | D:10     | Learned a level 4 spell: Olgreb's Toxic Radiance
  7521 | D:10     | Noticed Erica
  7530 | D:10     | Killed Erica
  7530 | D:10     | Reached XP level 10. HP: 59/59 MP: 18/18
  7633 | D:10     | Learned a level 4 spell: Animate Dead
  7900 | D:11     | Noticed a six-headed hydra
  7910 | D:11     | Killed a one-headed hydra
  8129 | D:11     | Reached skill level 12 in Conjurations
  8223 | D:11     | Found Unamill's Distillery.
  8229 | D:11     | Bought a potion of heal wounds for 70 gold pieces
  8423 | D:11     | Reached ** piety under Kikubaaqudgha
  8479 | D:11     | Reached skill level 5 in Poison Magic
  8600 | D:11     | Reached XP level 11. HP: 50/66 MP: 19/19
  8714 | D:11     | Found a white marble altar of Elyvilon.
  8722 | D:11     | Reached skill level 5 in Necromancy
  9087 | D:12     | Noticed Nergalle
  9098 | D:11     | Killed Nergalle
  9125 | D:12     | Found a staircase to the Orcish Mines.
  9133 | D:12     | Found Qenujat's Weapon Emporium.
  9136 | D:12     | Got a tattered robe
  9154 | D:12     | Identified the cursed +0 robe of the Cricket {-Tele rPois
                  | Int+4} (You found it on level 12 of the Dungeon)
  9217 | D:12     | Reached skill level 10 in Dodging
  9237 | D:12     | HP: 3/66 [freezing wraith (14)]
  9350 | D:12     | Noticed Nessos
  9367 | D:12     | HP: 3/66 [Nessos/arrow (9)]
  9367 | D:12     | Shot with an arrow by Nessos

Illustrated notes

Levels and vault maps discovered:
D:1:      ldierk_walled_garden, layout_basic
D:2:      layout_loops_corners, chequers_jeans
D:3:      layout_loops_corners, lemuel_crystal_altar, gammafunk_ghost_smash,
          uniq_sigmund
D:4:      layout_cave_pools, minmay_temple_entry_waves
D:5:      layout_gridville, tso_metal_star, minitemple,
          small_statue_intersection
D:6:      layout_gridville
D:7:      minmay_angry_zag, layout_loops_ring, minmay_statues_item
D:10:     layout_roguey, serial_shops, shop, uniq_erica
D:11:     layout_roguey, serial_shops, nicolae_shop_stone, elyvilon_altar_3
D:12:     layout_roguey, orc_david_3, uniq_nergalle, uniq_nessos
Temple:   regret_index_temple_waves

Skill      XL: |  1  2  3  4  5  6  7  8  9 10 11 |
---------------+----------------------------------+-----
Dodging        | 3 4 5 6 7 9 10 | 10.0
Fighting       | 1 2 3 4 5 6 |  6.7
Conjurations   | 6 7 8 9 11 12 | 12.0
Spellcasting   | 3 4 5 |  5.0
Poison Magic   | 2 5 6 |  6.2
Necromancy     | 4 5 |  5.9
Stealth        | |  2.0

Action                   |  1- 3 |  4- 6 |  7- 9 | 10-12 || total
-------------------------+-------+-------+-------+-------++-------
Melee: Dagger            |     2 |       |   138 |       ||   140
       Peck              |     3 |     6 |    28 |    14 ||    51
       Short sword       |    25 |    57 |    13 |       ||    95
       Kick              |     2 |    13 |    36 |    31 ||    82
       Scimitar          |       |       |    22 |   111 ||   133
 Cast: Magic Dart        |    25 |    36 |    25 |    13 ||    99
       Searing Ray       |     4 |    11 |    11 |    15 ||    41
       Dazzling Flash    |       |       |     1 |     1 ||     2
       Olgreb's Toxic Ra |       |       |       |     2 ||     2
 Abil: Fly               |       |     1 |       |       ||     1
Evoke: Wand              |       |       |       |     1 ||     1
  Use: Scroll            |     8 |     4 |     8 |     2 ||    22
       Potion            |     1 |     1 |       |     2 ||     4
 Stab: Sleeping          |     5 |     1 |     1 |     2 ||     9
       Distracted        |     1 |       |       |       ||     1
       Invisible         |       |       |     1 |       ||     1
       Paralysed         |       |       |       |     8 ||     8
Armor: Robe              |    14 |    10 |    16 |     5 ||    45
       Leather armour    |       |     2 |    53 |    36 ||    91
Dodge: Dodged            |    15 |    83 |   247 |   188 ||   533
       Rpst.: Scimitar   |       |       |    10 |    48 ||    58

Table legend: (Time is in decaauts)
 A = Elapsed time spent in this place.
 B = Non-inter-level travel time spent in this place.
 C = Inter-level travel time spent in this place.
 D = Time resting spent in this place.
 E = Time spent auto-exploring this place.
 F = Levels seen in this place.
 G = Mean time per level.
                   A        B        C        D        E       F      G
               +--------+--------+--------+--------+--------+-----+--------+
         Total |   9086 |   8715 |    371 |    637 |   6673 |  11 |  826.0 |
       Dungeon |   8969 |   8614 |    355 |    637 |   6573 |  10 |  896.9 |
        Temple |    117 |    101 |     16 |      0 |     99 |   1 |  117.0 |
               +--------+--------+--------+--------+--------+-----+--------+

Top non-repeatable levels by time:
     D:2: 1591 daAuts
     D:3: 1519 daAuts
    D:11: 1203 daAuts
     D:1: 965 daAuts
     D:5: 916 daAuts
     D:4: 813 daAuts
     D:6: 799 daAuts
    D:10: 601 daAuts
    D:12: 286 daAuts
     D:7: 273 daAuts
  Temple: 117 daAuts
